 Dungeon Crawl Stone Soup version 0.29.0-4-gdea44cf6ec (webtiles) character file.

Game seed: 1435818751144891997

19 qw the Chopper (level 2, -1/17 HPs)
             Began as a Tengu Warper on Aug 28, 2022.
             Succumbed to their own poison gas
             ... on level 1 of the Dungeon.
             The game lasted 00:00:04 (1000 turns).

qw the Chopper (Tengu Warper)                       Turns: 1000, Time: 00:00:05

Health: -1/17      AC:  3    Str: 11    XL:     2   Next: 75%
Magic:  6/6        EV: 11    Int: 13    God:
Gold:   41         SH:  0    Dex: 13    Spells: 5/5 levels left

rFire   . . .      SeeInvis .   Y - +0 hand axe
rCold   . . .      Faith    .   (no shield)
rNeg    . . .      Spirit   .   b - +0 leather armour
rPois   .          Reflect  .   (helmet restricted)
rElec   .          Harm     .   (no cloak)
rCorr   .          Rampage  .   (no gloves)
Will    .....                   (boots unavailable)
Stlth   +.........              (no amulet)
HPRegen 0.05/turn               (no ring)
MPRegen 0.10/turn               (no ring)

@: lethally poisoned (-1 -> -16), weak-willed
A: beak, talons 3
a: no special abilities


You were on level 1 of the Dungeon.
You visited 1 branch of the dungeon, and saw 1 of its levels.

You collected 41 gold pieces.


Innate Abilities, Weirdness & Mutations

You have a beak for a mouth.
You have claws for feet.


   Skills:
 - Level 2.0 Fighting
 + Level 3.5 Axes
 - Level 1.0 Throwing
 - Level 1.1 Armour
 - Level 2.1 Dodging
 - Level 2.0 Spellcasting
 - Level 2.4 Translocations


You had 5 spell levels left.
You didn't know any spells.
Your spell library contained the following spells:

 Spells                   Type           Power      Damage    Failure   Level
 Blink                    Tloc           14%        N/A       19%         2
 Gell's Gravitas          Tloc           7%         N/A       36%         3
 Lesser Beckoning         Tloc           7%         N/A       36%         3
 Teleport Other           Tloc           7%         N/A       36%         3
 Manifold Assault         Tloc           7%         N/A       98%         5

Inventory:

Hand Weapons
 f - a +0 whip
 Y - a +0 hand axe (weapon)
Armour
 b - a +0 leather armour (worn)

Dungeon Overview and Level Annotations

Branches:
Dungeon (1/15)

Altars:


Message History

You open the door.
Done exploring.
Done exploring.
990 ||| READING scroll labelled BEZAEXK XEILY.
As you read the scroll labelled BEZAEXK XEILY, it crumbles to dust.
You feel strangely unstable.
It was a scroll of teleportation.
You start waiting.
Your surroundings suddenly seem different.
Done exploring.
994 ||| READING scroll labelled OSAESYKILO.
As you read the scroll labelled OSAESYKILO, it crumbles to dust.
Magic quickly surges around you.
It was a scroll of vulnerability.
Done exploring.
995 ||| READING scroll labelled RURU KUEFI.
The air fills with toxic fumes!
As you read the scroll labelled RURU KUEFI, it crumbles to dust.
It was a scroll of poison.
Done exploring.
996 ||| READING scroll labelled ZAROIJULEF.
As you read the scroll labelled ZAROIJULEF, it crumbles to dust.
It is a scroll of enchant armour.
Really abort (and waste the scroll)?
Done exploring.
997 ||| DROPPING scroll of blinking.
You drop a scroll of blinking.
Done exploring.
(D) Dungeon
Where to? (* - list waypoints, ? - help)
What level of the Dungeon? (default 1, ? - help) Sorry, I don't know how to get there.
Done exploring.
998 ||| Stepping randomly (stuck).
Really walk into that cloud of poison gas?
You are engulfed in poison gas.
You are lethally poisoned!
You feel very sick.
999 ||| Stepping ~*~*~tactically~*~*~ (cloud).
You feel very sick.
You see here a scroll of blinking.
There is a lethal amount of poison in your body!
You die...

#...#.# ##########...#.##
#¤¤¤¤0¤..##.##...
#######¤¤¤¤¤...##.#####
##¤¤¤¤¤¤¤0¤¤.......# ########
#.¤¤0¤¤¤¤¤¤.....####
.......###.%)¤¤¤¤¤0......#
.#####.....#¤##¤¤¤##¤####### .#
#....##¤¤¤0@¤¤¤¤¤¤¤...# .#
#....####¤#¤###¤#####.###### .#
#....'>...¤0................
.######...##.#¤#¤#.#.###.#.######
...........#.#¤#¤#.#.....#.......
#######....#.#.#0#.#############.
#######....#.#.#¤#..........#..+.
...........#.#.#¤###.######.#.##.
.###.....)##.............##.#.##.


There were no monsters in sight!

Vanquished Creatures
  An endoplasm (D:1)
  A giant cockroach (D:1)
  2 goblins (D:1)
  2 hobgoblins (D:1)
  3 ball pythons (D:1)
  3 bats (D:1)
  2 frilled lizards (D:1)
  A kobold (D:1)
  4 rats (D:1)
19 creatures vanquished.

Notes
Turn   | Place    | Note
-------+----------+-------------------------------------------
     0 | D:1      | qw the Tengu Warper began the quest for the Orb.
     0 | D:1      | Reached XP level 1. HP: 12/12 MP: 4/4
     0 | D:1      | 0 ||| qw: Version: 0.1-a-89-g26bdef1
     0 | D:1      | 0 ||| qw: Game counter: 40
     0 | D:1      | 0 ||| qw: Always use a shield: true
     0 | D:1      | 0 ||| qw: God list: Okawaru
     0 | D:1      | 0 ||| qw: Allow faded altars: false
     0 | D:1      | 0 ||| qw: Do Orc after D:15 true
     0 | D:1      | 0 ||| qw: Do second Lair branch before Depths: true
     0 | D:1      | 0 ||| qw: Lair rune preference: random
     0 | D:1      | 0 ||| qw: Plans: Normal
     0 | D:1      | 0 ||| PLANNING D:1-11
    62 | D:1      | 62 ||| Stepping ~*~*~tactically~*~*~ (stealth).
    63 | D:1      | 63 ||| Stepping ~*~*~tactically~*~*~ (stealth).
   106 | D:1      | 106 ||| Stepping ~*~*~tactically~*~*~ (stealth).
   260 | D:1      | Reached XP level 2. HP: 13/17 MP: 6/6
   345 | D:1      | Reached skill level 3 in Axes
   403 | D:1      | HP: 4/17 [ball python (1)]
   784 | D:1      | 784 ||| Stepping ~*~*~tactically~*~*~ (stealth).
   790 | D:1      | 790 ||| Stepping ~*~*~tactically~*~*~ (hiding).
   792 | D:1      | 792 ||| Stepping ~*~*~tactically~*~*~ (hiding).
   794 | D:1      | 794 ||| Stepping ~*~*~tactically~*~*~ (hiding).
   990 | D:1      | 990 ||| READING scroll labelled BEZAEXK XEILY.
   994 | D:1      | 994 ||| READING scroll labelled OSAESYKILO.
   995 | D:1      | 995 ||| READING scroll labelled RURU KUEFI.
   996 | D:1      | 996 ||| READING scroll labelled ZAROIJULEF.
   997 | D:1      | 997 ||| DROPPING scroll of blinking.
   998 | D:1      | 998 ||| Stepping randomly (stuck).
   999 | D:1      | 999 ||| Stepping ~*~*~tactically~*~*~ (cloud).
   999 | D:1      | HP: 2/17 [poisoned by you (poison gas)]
  1000 | D:1      | Succumbed to their own poison gas

Levels and vault maps discovered:
D:1:      enne_arrival_octagon_isle, layout_basic

Skill      XL: |  1  2 |
---------------+-------+-----
Axes           | 3 |  3.5
Fighting       | |  2.0
Throwing       | |  1.0
Armour         | |  1.1
Dodging        | |  2.1
Spellcasting   | |  2.0
Translocations | |  2.4

Action                   || total
-------------------------++-------
Melee: Hand axe          ||    50
       Kick              ||     7
       Peck              ||     4
Throw: Boomerang         ||     7
  Use: Scroll            ||     4
Armor: Leather armour    ||    18
Dodge: Dodged            ||    23

Table legend:
 A = Non-vault XP
 B = Vault XP
 C = Vault XP percentage of total XP
 D = Non-vault monster count
 E = Vault monster count
 F = Vault count percentage of total count
                 A         B        C        D         E       F
            +---------+---------+-------+---------+---------+-------
      Total |      28 |       0 |   0.0 |      19 |       0 |   0.0
            +---------+---------+-------+---------+---------+-------
        D:1 |      28 |       0 |   0.0 |      19 |       0 |   0.0
            +---------+---------+-------+---------+---------+-------
